FIQ, chaotic male vampiric Wizard --------------- +.............| ##|...[.........| #..............| ##-----------.--- # ######### # # # ### # # # ### ## # # # -.-+-### #) #|..<.# --------------h- #....|# |.............@| #|...+ |.............o- ----- |..............| ---------------- FIQ the Magician Experience level: 10 Strength: 25 Dexterity: 14 Constitution: 14 Intelligence: 18 Wisdom: 11 Charisma: 8 Health: 0(76) Energy: 30(136) AC: 6 Gold: 0 Moves: 7634 Your Inventory: Weapons a - 2 uncursed +0 elven daggers (wielded) A - 15 uncursed +0 daggers Armor j - an uncursed +0 pair of elven boots (being worn) n - an uncursed +0 pair of gauntlets of power (being worn) I - an uncursed +0 cloak of magic resistance (being worn) Y - an uncursed +0 elven leather helm (being worn) Comestibles Q - 2 uncursed tripe rations Potions s - an uncursed potion of blindness Rings d - an uncursed ring of fire resistance e - an uncursed ring of cold resistance (on right hand) U - an uncursed +2 ring of increase damage (on left hand) Tools b - an uncursed bag of holding k - an uncursed skeleton key l - an uncursed brass lantern (0:1152) w - an uncursed magic whistle H - an uncursed tooled horn K - an uncursed expensive camera (0:64) Gems f - an uncursed garnet stone g - an uncursed luckstone o - an uncursed worthless piece of yellow glass p - 2 uncursed worthless pieces of red glass Contents of the bag of holding: 204 gold pieces a blessed +1 quarterstaff a cursed +0 cloak of invisibility an uncursed +2 helmet an uncursed +0 pair of gauntlets of dexterity a blessed +2 pair of kicking boots of displacement an uncursed +0 pair of levitation boots of drain resistance and displacement 2 uncursed scrolls of blank paper an uncursed scroll of charging 2 uncursed scrolls of create monster an uncursed scroll of destroy armor an uncursed scroll of flood an uncursed scroll of food detection 2 uncursed scrolls of identify an uncursed scroll of light an uncursed scroll of remove curse a cursed scroll of remove curse an uncursed scroll of teleportation an uncursed potion of extra healing a potion of holy water a blessed potion of invisibility 2 uncursed potions of invisibility an uncursed potion of monster detection an uncursed potion of sickness an uncursed wand of create monster (0:14) an uncursed wand of digging (0:6) an uncursed wand of digging (0:5) an uncursed wand of digging (0:3) an uncursed wand of locking (0:1) an uncursed wand of magic missile (0:5) an uncursed wand of opening (0:8) an uncursed wand of secret door detection (0:15) an uncursed wand of striking (0:4) an uncursed wand of teleportation (0:4) an uncursed towel 3 uncursed amethyst stones 3 uncursed diamonds 5 uncursed emeralds an uncursed jacinth stone an uncursed jade stone 2 uncursed rubies Spells known in the end: Name Level Category Fail Memory a - force bolt 1 attack 4% [|||||...] b - light 1 divination 4% [|||||...] c - healing 1 healing 4% [||||||..] d - identify 3 divination 4% [||||||||] Your skills at the end: Fighting Skills Weapon Skills dagger [Skilled / Expert] quarterstaff [Basic / Expert] Spellcasting Skills attack spells [Basic / Expert] divination spells [Skilled / Expert] enchantment spells [Basic / Skilled] Final Attributes: You were piously aligned. Hunger level was -36. Your alignment was 47 / 48. Monster difficulty range was 1 - 8. Level difficulty was 6. You were immune to cold. You were immune to level-drain. You were magic-protected. You saw invisible. You were stealthy. You could fly. You could survive without air. You had a +2 damage bonus. You regenerated. You were lucky (3). You had extra luck. Bad luck did not time out for you. Good luck did not time out for you. You are dead. Vanquished creatures: a black pudding a giant mimic 2 small mimics a troll a flaming sphere a large cat a stone giant a carnivorous ape a giant beetle 7 wolves a spotted jelly a leprechaun 2 giant spiders a horse an ice vortex a black light a vampire bat a gnome king a dwarf mummy an owlbear a dog a dingo a gnome mummy 2 apes a Woodland-elf a soldier ant a bugbear 2 water nymphs 2 rock piercers 2 enormous rats a rock mole a fog cloud a shrieker a violet fungus 15 gnome lords 2 gnomish wizards a golden naga hatchling a barrow wight 3 elf zombies a straw golem a paper golem 4 giant ants a floating eye 19 dwarves a kobold lord 8 hill orcs a rothe 2 orc zombies 2 wererats 3 iguanas 9 killer bees an acid blob a coyote 2 gas spores 9 hobbits a large kobold 11 giant rats 2 cave spiders a brown mold 2 yellow molds 83 gnomes 5 geckos 3 jackals 2 foxes a goblin 3 sewer rats 4 grid bugs 5 bats a lichen a kobold zombie 4 newts 262 creatures vanquished. Voluntary challenges: You used a wielded weapon 344 times. You read items or engraved 42 times. You put on armor 7 times. You never genocided any monsters. You never polymorphed an object. You never changed form. You used no wishes. You wrote Elbereth's name 29 times. You never encountered a bones level. You never used any Sokoban shortcuts. Dungeon overview: The Dungeons of Doom: levels 1 to 6 Level 1 a long staircase Level 2 an altar, a sink Level 3 an armor shop, a fountain stairs to The Gnomish Mines Level 5 an armor shop Level 6 <- You were here The Gnomish Mines: levels 4 to 11 Level 4 stairs to The Dungeons of Doom Level 6 many shops, a temple, a magic chest, some fountains, many trees Level 11 a fountain History has recorded: On T:1 you entered the Dungeons of Doom to retrieve the Amulet of Yendor! On T:279 you advanced to experience level 2. On T:316 you reached level 2 of The Dungeons of Doom. On T:410 you advanced to experience level 3. On T:494 you advanced to experience level 4. On T:972 you reached level 3 of The Dungeons of Doom. On T:975 you advanced to experience level 5. On T:1036 you reached level 1 of The Gnomish Mines. On T:1131 you advanced to experience level 6. On T:1929 you advanced to experience level 7. On T:2287 you reached level 3 of The Gnomish Mines. On T:2808 you reached level 4 of The Gnomish Mines. On T:3398 you advanced to experience level 8. On T:3414 you reached level 5 of The Gnomish Mines. On T:3781 you reached level 6 of The Gnomish Mines. On T:4167 you reached level 7 of The Gnomish Mines. On T:4619 you reached level 8 of The Gnomish Mines. On T:4624 you advanced to experience level 9. On T:6686 you reached level 4 of The Dungeons of Doom. On T:7132 you reached level 5 of The Dungeons of Doom. On T:7374 you advanced to experience level 10. On T:7543 you reached level 6 of The Dungeons of Doom. Latest messages: You faint from lack of food. The hobbit thrusts his elven dagger. The hobbit hits! [HP-7=38] The hobgoblin hits! [HP-4=34] The hobbit thrusts his elven dagger. The hobbit hits! The hobgoblin hits! [HP-9=25] The hobbit thrusts his elven dagger. The hobbit hits! The hobgoblin hits! [HP-9=16] The hobbit thrusts his elven dagger. The hobbit hits! [HP-5=11] The hobgoblin hits! [HP-3=8] The hobbit thrusts his elven dagger. The hobbit hits! The hobgoblin hits! You die... Final status: Goodbye FIQ the Wizard... You died in The Dungeons of Doom on dungeon level 6 with 4164 points, and 204 pieces of gold, after 7634 moves. You were level 10 with a maximum of 76 hit points when you died.